Map: King's Cove LE

Players

Stemir

  • Race: Zerg Zerg
  • League: Diamond
  • Spawn Location: 11:00

PeLLy - Winner!

  • Race: Zerg Zerg
  • League: Diamond
  • Spawn Location: 5:00

VOD

Have the link to the VOD?

Description

Time

  • Played on: Aug. 7, 2019, 4:38 p.m.
  • Length: 11:27
Show
View Real Time Build Order
Export as new Build Order

Stemir Zerg 

Build Orders: Pool First 

Get SALT Encoding   

  12  0:01  Drone  
  13  0:09  Drone  
  14  0:18  Overlord  
  14  0:36  Spawning Pool  
  14  0:39  Drone  
  14  0:43  Drone  
  14  0:46  Drone  
  16  1:12  Hatchery  
  15  1:24  Zergling x6  
  18  1:31  Queen  
  20  1:38  Overlord  
  20  1:47  Drone  
  21  1:59  Drone  
  22  2:13  Queen  
  22  2:14  Drone  
  23  2:40  Drone x3  
  26  2:44  Drone x2  
  27  2:52  Queen x2  
  31  3:16  Spine Crawler  
  28  3:50  Drone x6  
  34  4:01  Extractor x2  
  32  4:06  Spine Crawler  
  31  4:10  Queen  
  31  4:11  Queen  
  35  4:21  Drone  
  36  4:30  Evolution Chamber  
  35  4:32  Evolution Chamber  
  35  4:35  Evolution Chamber  
  33  4:52  Drone x2  
  35  4:53  Drone  
  35  4:57  Overlord x3  
  36  5:22  Drone x2  
  38  5:36  Hatchery  
  37  5:43  Lair  
  37  5:44  Hatchery  
  36  6:11  Drone  
  36  6:12  Drone x6  
  36  6:13  Drone x7  
  50  6:19  Extractor  
  50  6:22  Extractor  
  48  6:36  Overlord x2  
  48  7:09  Drone x2, Spire  
  48  7:10  Drone x4  
  53  7:19  Drone x3  
  56  7:30  Roach Warren  
  55  8:07  Zergling x12  
  55  8:08  Zergling x6  
  60  8:21  Mutalisk x6  
  60  8:22  Mutalisk x2  
  60  8:26  Overlord x2  
  60  8:27  Overlord x2  
  64  8:54  Mutalisk x5  
  64  8:55  Mutalisk x2  
  57  9:17  Zergling x4  
  57  9:18  Zergling x14  
  41  9:52  Hatchery  
  40  10:06  Roach x2  
  40  10:07  Roach x7  
  50  10:08  Roach x2, Zergling x8  
  50  10:09  Zergling x8  
Show
View Real Time Build Order
Export as new Build Order

PeLLy Zerg - Winner!

Build Orders: Hatch First 

Get SALT Encoding   

  12  0:01  Drone  
  13  0:13  Overlord  
  13  0:20  Drone  
  14  0:31  Drone x2  
  16  0:39  Drone  
  17  0:57  Drone, Hatchery  
  17  1:08  Drone, Extractor  
  17  1:22  Drone, Spawning Pool  
  17  1:26  Drone  
  18  1:34  Drone  
  19  1:42  Overlord  
  19  1:50  Drone  
  20  2:09  Queen x2  
  20  2:13  Zergling x6  
  27  2:18  Metabolic Boost  
  27  2:24  Zergling x4  
  27  2:35  Zergling x4  
  23  2:44  Drone x2  
  25  3:06  Drone  
  25  3:07  Drone x3  
  29  3:20  Drone x2  
  29  3:35  Drone  
  29  3:36  Drone x5  
  34  3:44  Baneling Nest  
  32  3:51  Drone  
  32  3:52  Drone x2  
  32  3:55  Overlord x3  
  35  4:21  Extractor  
  35  4:23  Extractor  
  33  4:27  Evolution Chamber  
  32  4:36  Roach Warren  
  31  4:39  Evolution Chamber  
  31  4:45  Queen  
  32  4:46  Drone x3  
  32  4:48  Drone x5  
  32  4:52  Extractor  
  39  4:53  Lair  
  39  4:54  Drone x2  
  41  5:09  Hatchery  
  40  5:16  Zerg Missile Weapons Level 1  
  40  5:18  Zerg Melee Weapons Level 1  
  40  5:30  Drone x5  
  40  5:33  Drone  
  46  5:43  Roach x3  
  46  5:47  Extractor  
  46  5:49  Drone  
  52  5:58  Drone  
  52  5:59  Drone x2  
  52  6:03  Glial Reconstitution  
  55  6:07  Drone x5  
  60  6:15  Overlord  
  60  6:16  Overlord  
  60  6:25  Overlord x3  
  60  6:28  Drone  
  60  6:29  Drone x4  
  60  6:31  Drone  
  66  6:35  Drone  
  68  6:40  Drone  
  68  6:43  Pneumatized Carapace  
  68  6:45  Roach  
  68  6:46  Roach  
  72  6:53  Roach x4  
  80  7:02  Roach x4  
  80  7:03  Roach  
  90  7:10  Roach x3  
  96  7:21  Hatchery  
  95  7:24  Drone x3  
  98  7:30  Extractor  
  98  7:32  Ravager  
  98  7:34  Overlord x2  
  98  7:39  Zerg Missile Weapons Level 2  
  98  7:43  Tunneling Claws  
  98  7:52  Overlord x2  
  98  7:54  Overlord x3  
  98  7:56  Ravager x4  
  98  7:57  Ravager x8  
  110  7:59  Roach  
  114  8:13  Roach x7  
  126  8:22  Roach x5  
  136  8:32  Hydralisk Den  
  137  8:34  Roach x3  
  125  9:03  Roach x7  
  125  9:04  Roach x9  
  149  9:23  Hydralisk x6  
  106  9:46  Hydralisk x6  
  106  9:52  Overlord x4  
  118  10:00  Spore Crawler  
  118  10:01  Spore Crawler  
  118  10:02  Spore Crawler  
  118  10:03  Spore Crawler  
  118  10:05  Spore Crawler  
  113  10:08  Spire, Spore Crawler  
  113  10:09  Grooved Spines  
  113  10:13  Hydralisk  
  113  10:17  Drone x5  
  113  10:18  Drone x2  
  116  10:42  Hydralisk x5  
  112  10:43  Hydralisk x3  
  127  10:51  Spore Crawler  
  127  10:57  Hydralisk x3  
  125  11:01  Spore Crawler  
Tags
 
Add a new tag
Caveats
  • Supply blocks, unpowered buildings, or Contaminate may cause inaccurate times.
  • Supply counts are checked every 10 seconds.